Map: Emerald City LE

Players

Faust - Winner!

  • Race: Zerg Zerg
  • League: Diamond
  • Spawn Location: 11:00

Throwfordays - Winner!

  • Race: Protoss Protoss
  • League: Silver
  • Spawn Location: 11:00

SirBurton

  • Race: Terran Terran
  • Spawn Location: 5:00

Danspureevil

  • Race: Zerg Zerg
  • Spawn Location: 5:00

VOD

Have the link to the VOD?

Description

Time

  • Played on: March 30, 2019, 11:47 p.m.
  • Length: 14:00
Show
View Real Time Build Order
Export as new Build Order

Faust Zerg - Winner!

Build Orders: Hatch First 

Get SALT Encoding   

  12  0:00  Drone  
  13  0:08  Drone  
  14  0:18  Extractor, Drone  
  15  0:23  Overlord  
  16  0:42  Drone  
  16  0:43  Drone  
  17  0:54  Hatchery  
  16  0:58  Drone  
  16  1:00  Extractor  
  16  1:03  Drone  
  17  1:12  Drone  
  18  1:21  Spawning Pool  
  17  1:25  Drone  
  17  1:27  Drone  
  19  1:38  Overlord  
  19  2:09  Queen x2, Metabolic Boost  
  19  2:10  Zergling x2  
  19  2:11  Zergling x2  
  26  2:15  Zergling x2  
  26  2:18  Drone  
  27  2:28  Baneling Nest  
  27  2:29  Drone  
  27  2:31  Drone  
  28  2:43  Drone  
  28  2:44  Drone x2  
  31  2:46  Drone  
  32  2:57  Lair  
  32  3:01  Overlord  
  32  3:14  Baneling  
  32  3:16  Baneling  
  32  3:20  Drone x4  
  32  3:21  Drone x2  
  32  3:26  Drone  
  39  3:28  Extractor, Drone  
  39  3:29  Drone  
  39  3:31  Drone  
  41  3:47  Zergling x2  
  41  3:48  Zergling x2  
  40  3:49  Drone x3  
  43  3:59  Extractor  
  43  4:00  Extractor, Drone x2  
  43  4:01  Drone  
  44  4:03  Overlord  
  44  4:11  Spire  
  44  4:14  Drone  
  44  4:22  Drone x2  
  46  4:27  Baneling x4  
  46  4:40  Drone x4  
  46  4:41  Drone x2  
  46  4:42  Hatchery, Overlord  
  51  4:46  Extractor  
  51  4:47  Overlord  
  51  4:49  Extractor  
  47  5:02  Drone  
  47  5:05  Drone x4  
  47  5:06  Zergling x4, Drone x2  
  56  5:16  Overlord x2  
  56  5:32  Mutalisk x5  
  56  5:33  Mutalisk  
  68  5:37  Mutalisk  
  70  5:43  Mutalisk  
  70  5:48  Overlord x2  
  72  5:55  Queen  
  72  5:56  Drone x2  
  76  6:06  Zerg Flyer Weapons Level 1  
  76  6:12  Drone x5  
  76  6:13  Drone x3  
  84  6:23  Evolution Chamber  
  84  6:25  Evolution Chamber  
  82  6:58  Zergling x2  
  82  6:59  Zergling x26  
  92  7:11  Zergling x12  
  86  7:27  Mutalisk  
  86  7:28  Mutalisk x6  
  84  7:38  Mutalisk  
  84  7:40  Drone x2  
  86  7:45  Zerg Melee Weapons Level 1  
  86  7:46  Zerg Ground Armor Level 1  
  86  7:51  Infestation Pit  
  81  7:56  Mutalisk x5  
  89  7:59  Drone  
  89  8:00  Overlord  
  90  8:17  Queen  
  92  8:27  Spore Crawler  
  92  8:29  Spore Crawler  
  92  8:32  Spore Crawler  
  92  8:33  Spore Crawler  
  88  8:37  Spore Crawler  
  87  8:44  Mutalisk  
  87  8:45  Mutalisk x4  
  87  8:47  Overlord x5  
  97  9:04  Queen  
  97  9:08  Spore Crawler  
  98  9:16  Baneling x10  
  98  9:23  Drone  
  98  9:24  Drone x16  
  111  9:27  Hatchery  
  111  9:29  Extractor  
  111  9:31  Extractor  
  112  9:33  Spine Crawler  
  112  9:35  Hive  
  88  10:17  Mutalisk  
  88  10:18  Mutalisk x3  
  88  10:19  Zergling x4  
  88  10:20  Zergling x26  
  109  10:33  Zerg Melee Weapons Level 2, Zerg Ground Armor Level 2  
  109  10:45  Drone x2  
  109  10:46  Drone x3  
  109  10:47  Overlord x5  
  114  10:51  Adrenal Glands  
  114  10:55  Overlord x3, Ultralisk Cavern  
  113  10:59  Burrow, Pneumatized Carapace  
  104  11:39  Zergling x2  
  106  11:40  Zergling x12, Mutalisk x9  
  96  12:47  Hydralisk Den  
  87  12:54  Drone x3  
  87  12:55  Drone x3  
  87  12:56  Drone x8  
  87  12:57  Drone, Overlord x4  
  90  13:08  Hatchery  
  90  13:09  Extractor  
  90  13:10  Extractor  
  87  13:26  Hatchery  
  87  13:27  Extractor  
  85  13:29  Extractor  
  84  13:47  Drone x3  
Show
View Real Time Build Order
Export as new Build Order

Throwfordays Protoss - Winner!

Build Orders: Nexus First, Carriers 

Get SALT Encoding   

  12  0:00  Probe  
  13  0:13  Probe  
  14  0:21  Pylon  
  14  0:25  Probe  
  15  0:36  Probe  
  16  0:44  Probe  
  17  1:02  Nexus  
  17  1:12  Gateway  
  17  1:19  Assimilator  
  17  1:30  Forge  
  17  1:42  Probe  
  18  1:55  Probe  
  19  2:04  Cybernetics Core  
  19  2:07  Probe  
  20  2:10  Photon Cannon  
  20  2:14  Photon Cannon  
  20  2:15  Probe  
  21  2:23  Probe  
  22  2:31  Probe  
  23  2:41  Warp Gate  
  23  2:42  Probe  
  24  2:54  Probe  
  25  2:59  Assimilator  
  25  3:02  Pylon  
  25  3:06  Pylon, Probe  
  26  3:17  Assimilator  
  26  3:18  Probe  
  27  3:20  Pylon  
  27  3:24  Pylon  
  27  3:26  Assimilator  
  27  3:30  Probe  
  27  3:31  Pylon  
  28  3:34  Probe  
  29  3:44  Photon Cannon  
  29  3:46  Probe  
  29  3:47  Probe  
  31  3:55  Photon Cannon  
  31  3:59  Probe x2  
  31  4:01  Photon Cannon  
  33  4:09  Photon Cannon  
  33  4:11  Probe  
  33  4:15  Photon Cannon  
  34  4:21  Photon Cannon  
  34  4:23  Probe  
  35  4:26  Photon Cannon  
  35  4:32  Probe  
  35  4:35  Probe  
  37  4:42  Photon Cannon  
  37  4:44  Photon Cannon, Probe  
  38  4:50  Photon Cannon  
  38  4:56  Photon Cannon, Probe  
  39  5:01  Stargate  
  39  5:09  Pylon  
  39  5:14  Pylon  
  39  5:20  Shield Battery  
  39  5:22  Shield Battery  
  39  5:26  Probe  
  40  5:30  Probe  
  40  5:35  Stargate  
  41  5:39  Stargate, Probe  
  41  5:42  Probe  
  43  5:45  Protoss Shields Level 1  
  43  5:51  Cybernetics Core, Probe  
  43  5:54  Probe  
  45  5:57  Protoss Air Weapons Level 1, Shield Battery  
  45  6:09  Nexus  
  45  6:16  Probe  
  46  6:21  Stalker  
  48  6:28  Probe  
  49  6:38  Fleet Beacon  
  49  6:39  Probe  
  49  6:40  Probe  
  51  6:47  Probe  
  51  6:48  Probe  
  53  6:55  Probe  
  53  6:56  Probe  
  53  6:57  Stargate  
  55  7:04  Stalker  
  55  7:07  Probe  
  55  7:08  Probe  
  59  7:19  Probe  
  59  7:20  Probe  
  59  7:35  Carrier x2  
  59  7:36  Carrier  
  75  7:39  Twilight Council  
  75  7:42  Protoss Air Armor Level 1  
  75  7:52  Assimilator  
  75  7:55  Assimilator  
  75  7:56  Probe  
  76  8:00  Probe  
  76  8:04  Probe  
  78  8:08  Probe  
  78  8:12  Probe  
  80  8:16  Probe  
  80  8:18  Carrier  
  84  8:20  Probe  
  84  8:24  Probe  
  76  8:29  Probe  
  76  8:31  Nexus  
  76  8:32  Probe  
  76  8:33  Pylon  
  76  8:36  Pylon  
  76  8:39  Pylon  
  76  8:40  Assimilator  
  76  8:42  Assimilator  
  76  8:54  Carrier x2  
  88  9:02  Carrier  
  94  9:05  Probe  
  95  9:17  Probe  
  95  9:20  Probe  
  95  9:24  Probe  
  98  9:28  Pylon  
  98  9:29  Probe  
  98  9:31  Pylon  
  99  9:35  Probe  
  99  9:42  Probe x2  
  99  9:43  Probe  
  102  9:50  Probe  
  103  9:53  Photon Cannon, Probe  
  103  9:54  Probe  
  103  9:57  Photon Cannon  
  106  10:00  Probe  
  106  10:04  Photon Cannon  
  106  10:05  Probe  
  106  10:06  Probe  
  109  10:07  Photon Cannon  
  109  10:09  Protoss Shields Level 2  
  109  10:11  Photon Cannon  
  109  10:12  Probe  
  110  10:15  Photon Cannon  
  110  10:17  Probe  
  110  10:18  Probe  
  112  10:21  Probe  
  112  10:24  Probe  
  114  10:29  Probe  
  114  10:30  Probe  
  114  10:33  Carrier  
  114  10:34  Probe  
  123  10:36  Probe  
  123  10:42  Probe  
  125  10:44  Carrier  
  125  10:46  Probe  
  125  10:47  Protoss Air Weapons Level 2  
  125  10:49  Protoss Air Armor Level 2  
  132  10:51  Carrier  
  138  10:58  Carrier  
  144  12:02  Pylon  
  144  12:03  Pylon  
  144  12:06  Pylon, Carrier  
  144  12:07  Carrier x2  
  144  12:08  Pylon  
  162  12:10  Pylon  
  162  12:11  Pylon  
  162  12:16  Pylon  
  162  12:18  Pylon  
  162  12:20  Pylon, Carrier  
  162  12:22  Pylon  
  168  12:23  Pylon  
Show
View Real Time Build Order
Export as new Build Order

SirBurton Terran 

Build Orders:  

Get SALT Encoding   

  12  0:08  SCV  
  13  0:36  Supply Depot  
  13  0:43  SCV  
  14  0:55  SCV  
  15  1:06  Barracks  
  15  1:07  SCV  
  16  1:14  Refinery  
  16  1:19  SCV  
  17  1:30  Refinery  
  17  1:31  SCV  
  18  1:43  SCV  
  19  1:54  Supply Depot  
  19  1:56  SCV  
  19  1:57  Barracks Tech Lab  
  20  2:08  SCV  
  21  2:17  Supply Depot  
  21  2:20  SCV  
  22  2:24  Marine  
  23  2:31  Command Center  
  23  2:32  SCV  
  24  2:44  SCV  
  24  2:47  Factory  
  24  2:48  Marine  
  26  2:56  SCV, Supply Depot  
  28  3:14  Orbital Command  
  27  3:20  Marine  
  28  4:05  Supply Depot  
  28  4:06  Factory Tech Lab  
  28  4:15  Starport x2  
  28  4:21  Marine  
  29  4:25  SCV  
  29  4:29  Refinery  
  30  4:37  SCV  
  31  4:44  Bunker  
  31  4:49  SCV  
  31  4:52  Siege Tank  
  30  5:01  SCV  
  30  5:05  Starport Tech Lab x2  
  31  5:11  Starport  
  31  5:13  SCV  
  32  5:15  Starport  
  32  5:20  Engineering Bay  
  32  5:25  SCV  
  33  5:37  SCV  
  34  5:43  Marine  
  34  5:48  Cloaking Field  
  34  5:49  SCV  
  36  5:52  Banshee x2  
  42  5:58  Starport Tech Lab x2  
  42  6:01  Marine, SCV  
  42  6:03  Missile Turret  
  44  6:09  Missile Turret  
  44  6:19  Marine  
  44  6:23  Viking  
  50  6:34  Viking, Missile Turret  
  50  6:35  Viking  
  50  6:36  Marine  
  55  6:52  Banshee  
  55  6:53  Viking  
  57  7:04  Viking  
  57  7:05  Viking  
  61  7:27  Supply Depot  
  55  7:46  Viking x4  
  63  8:09  Supply Depot  
  63  8:16  Viking  
  62  8:59  Viking x4  
  64  9:13  Supply Depot  
  64  9:15  Refinery  
  64  9:19  SCV  
  65  9:29  Viking x3  
  71  9:31  SCV  
  72  9:43  SCV  
  55  9:55  SCV  
  55  9:56  Viking  
  55  9:58  Viking  
  55  9:59  Viking x2  
  55  10:08  SCV  
  52  10:16  Marine  
  52  10:26  Viking  
  54  10:34  Marine  
  55  10:52  Marine  
  56  11:03  Missile Turret  
  56  11:10  Marine  
  56  11:12  Missile Turret  
  48  11:24  Viking x4  
  50  11:28  Marine  
  51  11:36  Missile Turret  
  51  11:48  Starport  
  51  11:50  Starport  
  51  11:54  Viking x4  
  44  12:26  Missile Turret  
  42  12:45  Viking  
  42  12:47  Viking  
  38  12:51  Supply Depot  
  38  13:06  Supply Depot  
  38  13:10  Supply Depot  
  38  13:12  Viking x4  
  46  13:28  Viking x2, Siege Tank  
Show
View Real Time Build Order
Export as new Build Order

Danspureevil Zerg 

Build Orders: Hatch First 

Get SALT Encoding   

  12  0:01  Drone  
  13  0:11  Drone  
  14  0:20  Overlord  
  14  0:48  Hatchery  
  13  0:59  Spawning Pool  
  12  1:05  Drone  
  12  1:07  Drone  
  12  1:10  Extractor  
  13  1:19  Drone  
  13  1:20  Drone  
  15  1:26  Extractor  
  14  1:45  Queen  
  17  1:47  Zergling x4  
  17  1:51  Zergling x2  
  19  1:59  Drone  
  20  2:02  Drone  
  21  2:12  Zergling x2  
  22  2:18  Queen  
  23  2:38  Drone x2  
  23  2:39  Drone  
  26  2:47  Lair  
  26  2:58  Metabolic Boost  
  26  3:03  Drone  
  26  3:04  Drone  
  28  3:10  Overlord  
  28  3:23  Overlord  
  28  3:37  Pneumatized Carapace  
  28  3:39  Zergling x4  
  30  3:47  Drone  
  27  4:02  Hatchery, Drone  
  27  4:12  Drone  
  28  4:21  Drone x3  
  31  4:32  Drone x2  
  33  4:48  Nydus Network  
  33  4:50  Hydralisk Den  
  33  4:51  Zergling x4  
  33  4:55  Drone  
  32  5:01  Zergling x4  
  34  5:14  Drone  
  34  5:17  Drone  
  34  5:18  Drone x3  
  39  5:23  Extractor  
  39  5:26  Extractor  
  37  5:32  Hydralisk x2  
  37  5:34  Zergling x2  
  42  5:39  Drone x2  
  44  5:43  Drone  
  44  5:45  Drone  
  46  5:51  Zergling x4  
  46  5:52  Zergling x2  
  49  6:08  Nydus Canal  
  47  6:37  Spore Crawler  
  47  6:38  Spore Crawler  
  47  6:39  Spore Crawler, Overlord x2  
  43  6:40  Overlord  
  43  6:45  Spore Crawler  
  41  6:47  Spore Crawler  
  36  6:58  Nydus Canal  
  32  7:04  Hydralisk x3  
  32  7:07  Hydralisk x2  
  30  7:37  Drone x3  
  30  7:38  Queen  
  30  7:44  Drone x3  
  32  7:58  Drone  
  33  8:04  Drone  
  34  8:09  Drone x3  
  37  8:13  Grooved Spines  
  37  8:21  Evolution Chamber  
  37  8:22  Evolution Chamber  
  37  8:23  Drone  
  37  8:26  Hydralisk  
  36  8:30  Drone  
  39  8:37  Drone x2  
  39  8:40  Drone  
  42  8:49  Drone x2  
  42  8:54  Drone  
  45  8:56  Queen  
  45  9:01  Spore Crawler  
  46  9:05  Spore Crawler, Drone  
  46  9:15  Drone x3  
  49  9:18  Hydralisk  
  51  9:26  Drone  
  52  9:33  Drone x3  
  52  9:37  Drone x3  
  48  10:03  Hydralisk x2  
  50  10:09  Overlord  
  50  10:10  Overlord x2  
  50  10:17  Zerg Ground Armor Level 1, Zerg Missile Weapons Level 1, Infestation Pit  
  47  10:27  Hydralisk  
  47  10:28  Hydralisk  
  51  10:30  Hydralisk  
  53  10:39  Spore Crawler  
  50  10:43  Spore Crawler  
  49  10:54  Drone x3  
  52  10:58  Extractor  
  52  11:02  Queen  
  52  11:03  Extractor  
  52  11:07  Hydralisk x2  
  52  11:08  Hydralisk  
  48  11:20  Zergling x4  
  48  11:21  Zergling x2  
  38  11:34  Spine Crawler  
  38  11:36  Hydralisk x3  
  38  11:37  Spine Crawler, Hydralisk x2  
  38  11:46  Hive  
  38  11:50  Hydralisk x2  
  42  11:57  Drone x2  
  44  12:07  Zergling x4  
  41  12:26  Hydralisk x2  
  29  12:39  Drone x3  
  27  12:52  Hatchery  
  27  12:54  Zergling x2, Overlord  
  21  13:04  Drone  
  17  13:19  Drone  
  9  13:34  Drone x2  
Tags
 
Add a new tag
Caveats
  • Supply blocks, unpowered buildings, or Contaminate may cause inaccurate times.
  • Supply counts are checked every 10 seconds.